 Dungeon Crawl Stone Soup version 0.20-a0-924-gfa95efa (webtiles) character file.

49 aspa the Magician (level 3, -2/21 HPs)
             Began as an Octopode Wizard on Mar 27, 2017.
             Slain by an orc
             ... wielding a +0 trident
              (8 damage)
             ... on level 2 of the Dungeon.
             The game lasted 00:04:07 (1397 turns).

aspa the Magician (Octopode Wizard)                 Turns: 1397, Time: 00:04:08

Health: -2/21      AC:  1    Str:  6    XL:     3   Next: 77%
Magic:  5/8        EV: 13    Int: 27    God:
Gold:   78         SH:  0    Dex: 10    Spells: 1/9 levels left

rFire    + . .     SeeInvis .   a - +2 short sword (drain)
rCold    x . .     Gourm    .   (no shield)
rNeg     . . .     Faith    .   e - +0 hat
rPois    .         Spirit   .   (no amulet)
rElec    .         Reflect  .   i - ring of fire (curse)
rCorr    .         Harm     .   k - +6 ring of intelligence
MR       .....                  (no ring)
Stlth    +++.......             (no ring)
Regen    0.1/turn               (no ring)
MPRegen  0.2/turn               (no ring)
                                (no ring)
                                (no ring)

@: no status effects
A: almost no armour, stealthy swim, amphibious, 8 rings, constrict 8, camouflage
1, gelatinous body 1
a: no special abilities


You were on level 2 of the Dungeon.
You were not hungry.

You visited 1 branch of the dungeon, and saw 3 of its levels.

You collected 78 gold pieces.

Inventory:

Hand Weapons
 a - a +2 short sword of draining (weapon)
Armour
 e - a +0 hat (worn)
Jewellery
 i - a cursed ring of fire (left tentacle)
 k - a +6 ring of intelligence (right tentacle)
Scrolls
 h - a scroll of fog {unknown}
Potions
 d - a potion of invisibility {unknown}
 j - a potion of agility {unknown}
 l - a potion of heal wounds {unknown}
Books
 b - a book of Minor Magic

   Spells                             Type                      Level
   a - Magic Dart                     Conjuration                  1
   b - Blink                          Translocation                2
   c - Call Imp                       Summoning                    2
   d - Slow                           Hexes                        2
   e - Conjure Flame                  Conjuration/Fire             3
   f - Mephitic Cloud                 Conjuration/Poison/Air       3
Comestibles
 c - a bread ration
 f - a royal jelly
 g - 6 chunks of flesh


   Skills:
 - Level 2.0 Dodging
 + Level 3.1 Stealth
 + Level 3.8 Spellcasting
 * Level 2.1 Conjurations
 - Level 1.0 Summonings
 - Level 1.0 Translocations


You had one spell level left.
You knew the following spells:

 Your Spells              Type           Power        Failure   Level  Hunger
a - Magic Dart            Conj           ###.         3%          1    None
b - Call Imp              Summ           ##......     12%         2    None
c - Mephitic Cloud        Conj/Pois/Air  #.......     21%         3    ##.....
d - Blink                 Tloc           N/A          12%         2    None


Dungeon Overview and Level Annotations

Branches:
Dungeon (3/15)

Altars:


Innate Abilities, Weirdness & Mutations

You cannot wear most types of armour.
You are very stealthy in the water. (Stealth+)
You are amphibious.
You can wear up to eight rings at the same time.
You can use your tentacles to constrict eight enemies at once.
Your skin changes colour to match your surroundings (Stealth+).
Your rubbery body absorbs attacks. (AC +1, EV +1)


Message History

The orc hits you from afar with a trident.
The orc completely misses you.
You hit the orc.
You kill the orc!
The orc barely misses you.
Some of the chunks of flesh in your inventory have rotted away.
Casting: Magic Dart
Confirm with . or Enter, or press ? or * to list all spells.
Aiming: Magic Dart
Press: ? - help, Shift-Dir - straight line, f - orc
Aim: an orc, wielding a trident The magic dart hits the orc.
The orc is heavily wounded.
The orc hits you from afar with a trident.
* * * LOW HITPOINT WARNING * * *
Casting: Magic Dart
Confirm with . or Enter, or press ? or * to list all spells.
A beastly little devil appears in a puff of frigid air.
The orc hits you from afar with a trident!
You die...

#.# #.# #.#####
##.#....
##....#
##.....##
#>......#
#######.......#
#..@.o).......#
#5######.....##
#
######รท..##..
#...........#
#.######.####
#.# #.#
#.##.#### #.#
#.......# #.#
####.##.# .#


You could see an orc and a friendly white imp.

Vanquished Creatures
  A worm (D:2)
  3 leopard geckos (D:1)
  An orc (D:2)
  4 bats
  2 giant cockroaches
  5 goblins (D:1)
  2 hobgoblins (D:2)
  3 jackals
  A quokka (D:2)
  8 frilled lizards (D:1)
  5 kobolds
  5 rats
40 creatures vanquished.

Notes
Turn   | Place    | Note
-------+----------+-------------------------------------------
     0 | D:1      | aspa the Octopode Wizard began the quest for the Orb.
     0 | D:1      | Reached XP level 1. HP: 11/11 MP: 4/4
   176 | D:1      | Reached XP level 2. HP: 17/17 MP: 3/6
   180 | D:1      | Learned a level 2 spell: Call Imp
   812 | D:1      | Reached XP level 3. HP: 21/21 MP: 4/8
   817 | D:1      | Learned a level 3 spell: Mephitic Cloud
   820 | D:1      | Learned a level 2 spell: Blink
  1397 | D:2      | Slain by an orc

Vault maps used:
D:1:      wheals_arrival_shading, minmay_lizard_king
D:2:      chequers_temple_overflow_minitemple, kennysheep_donut, st_stairs_13
D:3:      old_standard_altar, grunt_decor_cap

Skill      XL: |  1  2  3 |
---------------+----------+-----
Stealth        | 3 |  3.1
Conjurations   | 2 |  2.1
Dodging        | |  2.0
Spellcasting   | |  3.8
Summonings     | |  1.0
Translocations | |  1.0

Action                   || total
-------------------------++-------
Melee: Unarmed           ||    11
       Constrict         ||     6
       Tentacles         ||     2
       Short sword       ||     9
 Cast: Magic Dart        ||    68
       Call Imp          ||     1
 Stab: Sleeping          ||     1
  Eat: Chunk             ||     1
Armor: Skin              ||     1
Dodge: Dodged            ||    19
